 Dungeon Crawl Stone Soup version 0.29.1-1-gd02db6906a (webtiles) character file.

Game seed: 15185664778606058334

723 Demigod47 the Cudgeller (level 7, -1/61 HPs)
             Began as a Minotaur Fighter on Oct 7, 2022.
             Was a Follower of Nemelex Xobeh.
             Killed from afar by an oklob plant (28 damage)
             ... with a splash of acid
             ... created by the enmity of Fedhas Madash
             ... on level 6 of the Dungeon.
             The game lasted 00:10:29 (5481 turns).

Demigod47 the Cudgeller (Minotaur Fighter)          Turns: 5481, Time: 00:10:29

Health: -1/61      AC:  3    Str: 23    XL:     7   Next: 43%
Magic:  6/6        EV: 10    Int:  5    God:    Nemelex Xobeh [*.....]
Gold:   311        SH:  4    Dex:  9    Spells: 6/6 levels left

rFire   + . .      SeeInvis .   v - +0 war axe (vorpal)
rCold   + . .      Faith    .   c - +0 buckler
rNeg    . . .      Spirit   .   b - +0 scale mail
rPois   .          Reflect  .   (helmet unavailable)
rElec   .          Harm     .   (no cloak)
rCorr   .          Rampage  .   (no gloves)
Will    +....                   (no boots)
Stlth   ..........              n - amulet of magic regeneration
HPRegen 0.20/turn               m - ring of protection from fire
MPRegen 0.50/turn               (no ring)

@: corroded
A: horns 3, retaliatory headbutt, cold resistance 1, strong-willed 1, sense
surroundings 1
a: Renounce Religion, Draw Escape, Draw Destruction, Draw Summoning


You were on level 6 of the Dungeon.
You worshipped Nemelex Xobeh.
Nemelex Xobeh was aware of your devotion.
You visited 1 branch of the dungeon, and saw 6 of its levels.

You collected 311 gold pieces.

Inventory:

Hand Weapons
 a - a +0 flail
 v - a +0 vorpal war axe (weapon)
Missiles
 e - 21 poisoned darts (quivered)
 q - 3 silver javelins
Armour
 b - a +0 scale mail (worn)
 c - a +0 buckler (worn)
Jewellery
 m - a ring of protection from fire (left hand)
 n - an amulet of magic regeneration (around neck)
Wands
 u - a wand of flame (23)
Scrolls
 f - 5 scrolls of identify {unknown}
 g - 2 scrolls of enchant armour {unknown}
 i - 2 scrolls of enchant weapon {unknown}
 j - a scroll of teleportation {unknown}
 l - 2 scrolls of silence {unknown}
 o - a scroll of blinking {unknown}
 t - a scroll of amnesia {unknown}
Potions
 d - 4 potions of might
 h - 2 potions of ambrosia {unknown}
 k - 4 potions of brilliance
 p - a potion of attraction {unknown}
 r - 3 potions of heal wounds
 s - a potion of flight {unknown}


   Skills:
 + Level 5.5 Fighting
 + Level 6.0 Maces & Flails
 + Level 5.9 Armour
 + Level 3.2 Dodging
 + Level 0.4 Stealth
 + Level 4.8 Shields


You had 6 spell levels left.
You didn't know any spells.
Your spell library contained the following spells:

 Spells                   Type           Power      Damage    Failure   Level
 Apportation              Tloc           0%         N/A       86%         1
 Necrotise                Necr           0%         1d4       86%         1
 Summon Small Mammal      Summ           0%         N/A       86%         1


Dungeon Overview and Level Annotations

Branches:
Dungeon (6/15)             Temple (0/1) D:4

Altars:
Fedhas
Nemelex Xobeh

Shops:
D:4 (

Annotations:
D:6 exclusion: 2 oklob plants


Innate Abilities, Weirdness & Mutations

You have a pair of large horns on your head.
You reflexively headbutt those who attack you in melee.
Your flesh is cold resistant. (rC+)
You are strong-willed. (Will+)
You passively map a small area around you.


Message History

a +0 dagger; an orc corpse
Items here: ))) [ †.
Found a ring mail.
Found a stone staircase leading down.
You now have 311 gold pieces (gained 13).
Fedhas invokes nature against you. The volley of thorns hits you!!
A bullfrog comes into view.
The bullfrog croaks.
You see here a scroll labelled TEDUYRRALEIMP.
You slash the bullfrog!
The bullfrog is severely wounded.
You block the bullfrog's attack. x2
You slash the bullfrog!
You kill the bullfrog!
Your Maces & Flails skill increases to level 6!
f - 5 scrolls labelled TEDUYRRALEIMP (gained 1)
You see here a bullfrog corpse.
r - 3 potions of heal wounds (gained 1) Plants grow around you in an ominous manner.
Marking area around 2 oklob plants as unsafe for travelling. 2 oklob plants come into view.
You hit the oklob plant but do no damage.
You headbutt the oklob plant.
The oklob plant is lightly damaged.
You hit the oklob plant but do no damage.
The oklob plant is lightly damaged.
The oklob plant spits acid at you. The splash of acid hits you!
You hit the oklob plant but do no damage.
You headbutt the oklob plant.
The oklob plant is lightly damaged.
The oklob plant spits acid at you. The splash of acid hits you!!
The acid corrodes you!
You hit the oklob plant.
The oklob plant is moderately damaged.
The oklob plant spits acid at you. The splash of acid hits you!!
You die...
Your body disappears without a glow.

*, , ,,**### * #.#.#.# ### , *
.#.#.##.. ,, .......#* ,* # *
,#......#* *####### * ,,
#......# * #....#. #.#
***#..... #....#. #.# #...# ,
###...... #.#########..@## *
#........ #.#........fP..# *
#.......#
#.#.#########P.#.#####.......#
#.#.#.........................
#.#.#†##.......#.#####.......#
#.#...#............[.....#...#
#............>.......###.#....
#####.#...#.##...........#.###
#.###.#.####.........#.###


You could see 2 oklob plants and a wandering mushroom.

Vanquished Creatures
  Duvessa (D:4)
  A bullfrog (D:6)
  2 scorpions
  Dowan (D:4)
  2 hounds
  A jelly (D:5)
  2 iguanas
  An orc wizard (D:5)
  A mummy (D:6)
  3 gnolls (D:3)
  4 adders
  A shadow imp (D:6)
  An ufetubus (D:5)
  2 worms
  10 dart slugs
  14 orcs
  3 bats (D:1)
  9 endoplasms
  2 giant cockroaches
  5 hobgoblins
  8 jackals
  3 kobolds (D:4)
  3 quokkas
  A frilled lizard (D:3)
  11 goblins
  2 hobgoblin zombies (D:6)
  2 kobold zombies (D:6)
  4 rats
100 creatures vanquished.

Notes
Turn   | Place    | Note
-------+----------+-------------------------------------------
     0 | D:1      | Demigod47 the Minotaur Fighter began the quest for the Orb.
     0 | D:1      | Reached XP level 1. HP: 19/19 MP: 0/0
   316 | D:1      | Found a faded altar of an unknown god.
   320 | D:1      | Prayed at the altar of an unknown god.
   320 | D:1      | Became a worshipper of Fedhas Madash
   320 | D:1      | Reached * piety under Fedhas
   388 | D:1      | Gained mutation: Your flesh is cold resistant. (rC+)
                  | [potion of mutation]
   388 | D:1      | Gained mutation: You occasionally shout uncontrollably at
                  | your foes. [potion of mutation]
   455 | D:1      | Reached XP level 2. HP: 26/27 MP: 1/1
  1302 | D:2      | Reached XP level 3. HP: 24/33 MP: 2/2
  1323 | D:2      | Reached ** piety under Fedhas
  1356 | D:2      | You fall into a shaft and drop 2 floors!
  1365 | D:4      | Noticed Duvessa
  1366 | D:4      | Noticed Dowan
  1407 | D:4      | Reached skill level 3 in Maces & Flails
  1416 | D:4      | Killed Duvessa
  1417 | D:4      | Reached skill level 1 in Dodging
  1417 | D:4      | Reached XP level 4. HP: 20/41 MP: 3/3
  1417 | D:4      | Reached XP level 5. HP: 23/47 MP: 4/4
  1417 | D:4      | Killed Dowan
  1418 | D:4      | Reached skill level 4 in Maces & Flails
  1418 | D:4      | Reached skill level 5 in Armour
  1447 | D:4      | Reached XP level 6. HP: 28/53 MP: 5/5
  2356 | D:3      | Lost mutation: Your flesh is cold resistant. (rC+) [potion
                  | of mutation]
  2356 | D:3      | Lost mutation: You occasionally shout uncontrollably at
                  | your foes. [potion of mutation]
  2356 | D:3      | Gained mutation: You have a pair of large horns on your
                  | head. [potion of mutation]
  2356 | D:3      | Lost mutation: You have a pair of large horns on your head.
                  | [potion of mutation]
  2356 | D:3      | Gained mutation: You expend magic power (3 MP) to
                  | strengthen your wands. [potion of mutation]
  2501 | D:3      | Lost mutation: You expend magic power (3 MP) to strengthen
                  | your wands. [potion of mutation]
  2501 | D:3      | Gained mutation: You passively map a small area around you.
                  | [potion of mutation]
  2501 | D:3      | Gained mutation: You are strong-willed. (Will+) [potion of
                  | mutation]
  2501 | D:3      | Gained mutation: You have a pair of large horns on your
                  | head. [potion of mutation]
  2501 | D:3      | Gained mutation: Your flesh is cold resistant. (rC+)
                  | [potion of mutation]
  2907 | D:4      | Found Feluocat's Weapon Shop.
  2927 | D:4      | Reached *** piety under Fedhas
  3069 | D:4      | Found a staircase to the Ecumenical Temple.
  3238 | D:4      | Reached skill level 5 in Maces & Flails
  3474 | D:5      | Entered Level 5 of the Dungeon
  3814 | D:5      | Reached skill level 5 in Fighting
  4181 | D:5      | Found a sparkling altar of Nemelex Xobeh.
  4189 | D:5      | Fell from the grace of Fedhas
  4189 | D:5      | Became a worshipper of Nemelex Xobeh the Trickster
  4872 | D:6      | Reached XP level 7. HP: 61/61 MP: 6/6
  5198 | D:6      | Reached * piety under Nemelex Xobeh
  5364 | D:6      | Reached skill level 6 in Maces & Flails
  5478 | D:6      | Noticed a wandering mushroom
  5478 | D:6      | Noticed an oklob plant
  5478 | D:6      | Noticed an oklob plant
  5481 | D:6      | Killed from afar by an oklob plant

Illustrated notes

Levels and vault maps discovered:
D:1:      amcnicky_arrival_abandoned_market, layout_basic,
          shapermc_ecumenical_altar_mp_vishouse, minmay_pentomino_p4
D:2:      layout_rooms, corner_web_ring, minmay_misc_feat_columns,
          nicolae_figureground_sparkle
D:3:      mumra_celtic_spiral_tile, layout_basic
D:4:      kennysheep_slugbush, layout_rooms, minmay_temple_entry_overgrown,
          serial_shops, nicolae_stop_n_shop_2, uniq_duvessa
D:5:      layout_layer_cave, nemelex_spade_bored_becter, reono_crystal_passage,
          hangedman_abyss_or_decor_lesser_grid, minmay_liquid_box,
          nicolae_hexahallways
D:6:      layout_basic, minmay_mini_ossuary

Skill      XL: |  1  2  3  4  5  6  7 |
---------------+----------------------+-----
Armour         | 4 5 |  5.9
Shields        | 4 |  4.8
Fighting       | 4 5 |  5.5
Maces & Flails | 3 4 5 6 |  6.0
Dodging        | 1 2 3 |  3.2
Stealth        | |  0.4

Action                   |  1- 3 |  4- 6 |  7- 9 || total
-------------------------+-------+-------+-------++-------
Melee: Flail             |    63 |   103 |    37 ||   203
       Headbutt          |     5 |    18 |    10 ||    33
       War axe           |       |       |     6 ||     6
  Use: Potion            |     8 |     2 |       ||    10
Armor: Scale mail        |    53 |    35 |    16 ||   104
Dodge: Dodged            |    55 |    48 |    18 ||   121
Block: Buckler           |    29 |    22 |    12 ||    63
